 Dungeon Crawl Stone Soup version 0.30-a0-728-gc68057be0a (webtiles) character file.

Game seed: 9240381719036912958

22622 DeathSun the Bludgeoner (level 12, -14/103 (115) HPs)
             Began as a Minotaur Fighter on Jan 31, 2023.
             Was a Priest of Makhleb.
             Killed from afar by an orc sorcerer (26 damage)
             ... with a bolt of negative energy
             ... on level 2 of the Orcish Mines.
             The game lasted 00:28:09 (13077 turns).

DeathSun the Bludgeoner (Minotaur Fighter)         Turns: 13077, Time: 00:28:10

HP:   -14/103 (115) AC: 23    Str: 29    XL:     12   Next: 64%
MP:   18/18         EV:  7    Int:  5    God:    Makhleb [***...]
Gold: 818           SH:  9    Dex: 10    Spells: 11/11 levels left

rFire   . . .      SeeInvis +    s - +0 morningstar
rCold   . . .      Faith    .    c - +0 buckler
rNeg    . . .      Spirit   .    r - +0 plate armour
rPois   .          Reflect  +    Z - +2 hat
rElec   .          Harm     .    (no cloak)
rCorr   .          Rampage  .    Q - +1 pair of gloves {Str+3}
Will    .....                    (no boots) Stlth
                                 C - amulet of reflection
HPRegen 0.37/turn                a - ring of see invisible
MPRegen 0.16/turn                O - +4 ring of protection

@: studying Polearms, heavily drained, invisible
A: horns 2, retaliatory headbutt, noise suppression
a: Renounce Religion, Minor Destruction, Lesser Servant of Makhleb


You were on level 2 of the Orcish Mines.
You worshipped Makhleb.
Makhleb was most pleased with you.
You visited 3 branches of the dungeon, and saw 14 of its levels.

You collected 1082 gold pieces.
You spent 264 gold pieces at shops.

Inventory:

Hand Weapons
 k - a +0 dire flail
 s - a +0 morningstar (weapon)
 K - a +1 flail of holy wrath
Missiles
 D - 2 atropa-tipped darts
 F - 21 poisoned darts
 Y - a throwing net
Armour
 b - a +0 scale mail
 c - a +0 buckler (worn)
 m - a +2 pair of gloves
 r - a +0 plate armour (worn)
 w - a +2 leather armour of fire resistance
 Q - a +1 pair of gloves of strength (worn)
 Z - a +2 hat (worn)
Jewellery
 a - a ring of see invisible (left hand)
 d - a ring of ice
 B - a ring of fire
 C - an amulet of reflection (around neck)
 O - a +4 ring of protection (right hand)
 V - a ring of positive energy
Wands
 h - a wand of digging (5)
 p - a wand of paralysis (25)
 u - a wand of roots (15)
 x - a wand of quicksilver (8)
 E - a wand of mindburst (22)
 S - a wand of polymorph (4)
 T - a wand of flame (12)
Scrolls
 l - 3 scrolls of magic mapping
 n - a scroll of brand weapon
 o - 6 scrolls of teleportation
 t - a scroll of enchant weapon
 v - a scroll of fog
 y - a scroll of noise
 z - 3 scrolls of vulnerability
 G - 4 scrolls of immolation {unknown}
 J - 2 scrolls of blinking
 R - 2 scrolls of fear {unknown}
 W - 2 scrolls of amnesia {unknown}
 X - a scroll of acquirement {unknown}
Potions
 e - a potion of lignification
 f - a potion of ambrosia {unknown}
 i - a potion of resistance
 j - 2 potions of mutation
 q - a potion of degeneration {unknown}
 H - a potion of berserk rage
 I - 2 potions of haste {unknown}
 L - 2 potions of curing
 M - a potion of magic {unknown}
 N - 4 potions of brilliance {unknown}
 P - 2 potions of flight {unknown}
Miscellaneous
 U - a phantom mirror


   Skills:
 * Level 13.0 Fighting
 - Level 16.0 Maces & Flails
 + Level 10.5 Armour
 - Level 3.6 Shields
 * Level 10.2 Invocations


You had 11 spell levels left.
You didn't know any spells.
Your spell library contained the following spells:

 Spells                   Type           Power      Damage    Failure   Level
 Magic Dart               Conj           0%         1d3       99%         1
 Summon Small Mammal      Summ           0%         N/A       99%         1
 Blink                    Tloc           0%         N/A       100%        2
 Call Imp                 Summ           0%         N/A       100%        2
 Static Discharge         Conj/Air       0%         2-2/arc   100%        2
 Call Canine Familiar     Summ           0%         N/A       100%        3
 Mephitic Cloud           Conj/Pois/Air  0%         N/A       100%        3
 Summon Guardian Golem    Hex/Summ       0%         N/A       100%        3
 Vhi's Electric Charge    Tloc/Air       0%         N/A       100%        3
 Leda's Liquefaction      Hex/Erth       0%         N/A       100%        4
 Manifold Assault         Tloc           0%         N/A       100%        4
 Arcjolt                  Conj/Air       0%         1d10      100%        5
 Lee's Rapid Deconstruct  Erth           0%         3d4*      100%        5
 Lightning Bolt           Conj/Air       0%         1d11      100%        5
 Statue Form              Tmut/Erth      0%         N/A       100%        6
 Storm Form               Tmut/Air       0%         N/A       100%        7


Dungeon Overview and Level Annotations

Branches:
Dungeon (11/15)            Temple (1/1) D:7            Lair (0/5) D:10
    Orc (1/2) D:10            Elf (0/3) Orc:2

Altars:
Ashenzari
Cheibriados
Dithmenos
Elyvilon
Fedhas
Gozag
Hepliaklqana
Kikubaaqudgha
Makhleb
Nemelex Xobeh
Okawaru
Qazlal
Ru
Sif Muna
Trog
Uskayaw
Vehumet
Wu Jian
Xom
Yredelemnul
Zin
The Shining One

Shops:
D:3 =:*   D:5 *   Orc:1 *   Orc:2 :

Annotations:
D:11 Amaemon


Innate Abilities, Weirdness & Mutations

You have a pair of horns on your head.
You reflexively headbutt those who attack you in melee.
You passively dampen the noise of your surroundings.


Message History

The orc knight is covered in liquid flames!
The orc knight is engulfed in a cloud of scalding steam.
The orc knight roars a battlecry!
The orcs go into a battle-frenzy!
The orc high priest is engulfed in a cloud of scalding steam.
The orc high priest mumbles some strange prayers.
The orc warrior barely misses your smoke demon.
Your smoke demon gestures at the orc warrior.
The ball of steam hits the orc warrior!
Your orange demon stings the orc warrior but does no damage.
Your orange demon barely misses the orc warrior.
Your surroundings suddenly seem different.
Found 8 gold pieces.
The troll shouts!
The orc sorcerer shouts!
An orc warrior comes into view. It is wielding a +0 glaive.
As you read the scroll of fog, it crumbles to dust.
The scroll dissolves into smoke.
Makhleb accepts your kill.
You feel a bit more experienced.
Your Fighting skill increases to level 13!
The orc warrior shouts!
The orc warrior unwields a +0 glaive.
The orc warrior wields a +0 arbalest.
The orc warrior shoots a bolt.
The bolt hits you but does no damage.
The orc sorcerer shouts!
The orc sorcerer gestures at you while chanting.
The bolt of negative energy misses you.
The orc sorcerer mumbles some strange words.
The orc warrior shoots a bolt.
Found Pehuzoim's Book Shop.
The orc warrior shouts!
An orc warrior comes into view. It is wielding a +0 battleaxe.
The orc sorcerer howls an incantation.
You feel troubled.
A demon appears!
The orc warrior shouts! x2; You hear a shout!
The orc sorcerer points at you and mumbles some strange words.
The bolt of negative energy hits your smoke demon.
Your smoke demon completely resists.
The bolt of negative energy hits you!!
You feel drained.
You die...

**,,,,,,,.................,***,
**,,,,,,,....#.........#..,* **
*,,,,,,..#................** *
*,,,,,,.o....#^.§§§.§....##*
**,*,,,..P#.....§§§§§.T..#.#*
*,,,,,,.P.....$.§§§§§.......###
*,,,,,,...P...#o.§T§§...#......
**,,,,,........o.§§§§#.#.......
*,,,,,...P...@...§............
*,,,,,∩.......##..............
*,,,,,.....3...##.........##.#
**,,,8,..o.....###........##.##
*,,,,,,................#......#
*,,,,,,.Po.4.....3...........##
*,,,,,,....##.##..##.#.....###
*,,,,,,....,..,######.......###
*,,,,,,,,,,,,,** ##..#.....#


You could see an ice devil (summoned, unable to see you), a troll (unable to see
you), 2 orc sorcerers, 3 orc warriors and a friendly smoke demon (summoned).

Vanquished Creatures
  Harold (D:10)
  2 centaur warriors (D:10)
  2 two-headed ogres (D:10)
  2 boulder beetles
  A tengu warrior (D:10)
  A skeletal warrior (D:10)
  2 deep elf pyromancers (Orc:1)
  An ugly thing (D:10)
  2 orc knights
  An orc sorcerer (Orc:2)
  A cyclops (D:10)
  2 manticores (D:10)
  2 gargoyles
  Psyche (D:8)
  3 trolls
  2 hornets (D:10)
  Prince Ribbit (D:5)
  Sigmund (D:2)
  2 wraiths
  4 shadows
  Eustachio (D:5)
  28 yaks
  A steam dragon (D:9)
  2 vampire mosquitoes (D:9)
  A warg (Orc:1)
  4 water moccasins
  A swamp drake (Orc:1)
  9 orc warriors
  2 ice beasts
  3 black bears
  2 sky beasts (D:7)
  2 ogres
  A phantom (D:7)
  2 centaurs
  Blork the orc (D:6)
  3 bullfrogs
  2 kobold brigands
  A gnoll sergeant (D:5)
  2 scorpions (D:5)
  2 necrophages
  6 wights
  15 killer bees
  A howler monkey (D:11)
  A crimson imp (Orc:1)
  3 hounds
  2 jellies (D:7)
  7 orc priests
  A gnoll bouda (D:6)
  An iron imp (Orc:1)
  Jessica (D:2)
  2 iguanas (D:5)
  19 orc wizards
  12 gnolls
  6 adders
  4 shadow imps
  A white imp (Orc:1)
  A howler monkey simulacrum (D:10)
  A worm (D:5)
  4 dart slugs
  50 orcs
  9 ball pythons
  An endoplasm (D:1)
  A giant cockroach (D:1)
  3 goblins
  6 hobgoblins
  9 jackals
  3 quokkas
  5 bats
  5 frilled lizards
  17 kobolds
  A rat (D:1)
302 creatures vanquished.

Vanquished Creatures (collateral kills)
  An orc knight (Orc:2)
  An orc warrior (Orc:2)
  An ogre (Orc:2)
3 creatures vanquished.

Vanquished Creatures (others)
  An orc (Orc:1)
  5 fungi (Orc:2)
  4 toadstools (D:3)
10 creatures vanquished.

Grand Total: 315 creatures vanquished

Notes
Turn   | Place    | Note
-------+----------+-------------------------------------------
     0 | D:1      | DeathSun the Minotaur Fighter began the quest for the Orb.
     0 | D:1      | Reached XP level 1. HP: 19/19 MP: 0/0
   103 | D:1      | Reached skill level 3 in Maces & Flails
   114 | D:1      | Reached XP level 2. HP: 26/26 MP: 1/1
   404 | D:1      | Reached skill level 4 in Maces & Flails
   546 | D:1      | Reached XP level 3. HP: 31/31 MP: 2/2
   682 | D:2      | Noticed Sigmund
  1029 | D:3      | Found Aliy's General Store.
  1107 | D:3      | Found a faded altar of an unknown god.
  1221 | D:3      | Found a shimmering blue altar of Sif Muna.
  1234 | D:3      | Reached skill level 5 in Maces & Flails
  1240 | D:3      | Reached XP level 4. HP: 32/39 MP: 3/3
  1427 | D:3      | Found Meroompy's Jewellery Boutique.
  1436 | D:3      | Found Gept's Book Emporium.
  2141 | D:4      | Reached skill level 6 in Maces & Flails
  2213 | D:4      | Noticed a necrophage
  2227 | D:4      | Killed a necrophage
  2228 | D:4      | Reached XP level 5. HP: 36/45 MP: 4/4
  2288 | D:4      | Found an ancient bone altar of Kikubaaqudgha.
  2400 | D:4      | Reached skill level 7 in Maces & Flails
  2512 | D:4      | Found a glowing silver altar of Zin.
  2864 | D:5      | Entered Level 5 of the Dungeon
  2880 | D:5      | Found an opulent altar of Gozag.
  2881 | D:5      | Found Gozag's Platinum Reserve.
  2949 | D:5      | Noticed Blork the orc
  2949 | D:5      | Noticed Eustachio
  3059 | D:5      | Reached XP level 6. HP: 49/51 MP: 5/5
  3218 | D:5      | Gained mutation: You passively dampen the noise of your
                  | surroundings. [potion of mutation]
  3234 | D:6      | Reached skill level 8 in Maces & Flails
  3574 | D:5      | Noticed a water moccasin
  3578 | D:5      | Killed a water moccasin
  3579 | D:5      | Reached skill level 9 in Maces & Flails
  3579 | D:5      | Reached XP level 7. HP: 52/57 MP: 6/6
  3606 | D:5      | Noticed Prince Ribbit
  3624 | D:5      | Killed Prince Ribbit
  3625 | D:5      | Reached skill level 10 in Maces & Flails
  3964 | D:6      | Killed Blork the orc
  4169 | D:6      | Reached skill level 11 in Maces & Flails
  4293 | D:6      | Reached XP level 8. HP: 66/66 MP: 7/7
  4750 | D:6      | Noticed a gargoyle
  4761 | D:6      | Killed a gargoyle
  4762 | D:6      | Reached skill level 5 in Fighting
  4762 | D:6      | Reached skill level 12 in Maces & Flails
  4762 | D:6      | Reached skill level 5 in Armour
  5153 | D:7      | Reached XP level 9. HP: 55/74 MP: 8/8
  5238 | D:7      | Reached skill level 13 in Maces & Flails
  5409 | D:7      | Found a staircase to the Ecumenical Temple.
  5595 | Temple   | Entered the Ecumenical Temple
  5816 | Temple   | Became a worshipper of Makhleb the Destroyer
  6058 | D:7      | Reached skill level 14 in Maces & Flails
  6733 | D:2      | Noticed Jessica
  6736 | D:2      | Killed Jessica
  6742 | D:2      | Killed Sigmund
  7031 | D:5      | Killed Eustachio
  7254 | D:5      | Found a bloodstained altar of Trog.
  7255 | D:5      | Found an iron altar of Okawaru.
  7416 | D:5      | Reached skill level 15 in Maces & Flails
  7739 | D:8      | Found a sacrificial altar of Ru.
  7767 | D:8      | Reached * piety under Makhleb
  8112 | D:8      | Reached XP level 10. HP: 81/81 MP: 9/9
  8277 | D:8      | Reached skill level 16 in Maces & Flails
  8298 | D:8      | Noticed Psyche
  8307 | D:8      | Killed Psyche
  8308 | D:8      | Reached skill level 1 in Invocations
  8710 | D:9      | Noticed a boulder beetle
  8732 | D:9      | Killed a boulder beetle
  9467 | D:9      | Reached ** piety under Makhleb
  9807 | D:10     | Entered Level 10 of the Dungeon
  9944 | D:10     | Reached skill level 5 in Invocations
  9967 | D:10     | Found a staircase to the Orcish Mines.
  9992 | D:10     | Noticed a two-headed ogre
 10162 | D:10     | Found a staircase to the Lair.
 10173 | D:10     | Noticed a manticore
 10184 | D:10     | Killed a manticore
 10185 | D:10     | Reached XP level 11. HP: 57/95 MP: 14/14
 10478 | D:10     | Noticed a green ugly thing
 10478 | D:10     | Noticed a boulder beetle
 10478 | D:10     | Noticed a tengu warrior
 10495 | D:10     | Killed a green ugly thing
 10510 | D:10     | Killed a tengu warrior
 10520 | D:10     | Killed a boulder beetle
 10643 | D:10     | Killed a two-headed ogre
 10644 | D:10     | Reached skill level 10 in Fighting
 10750 | D:10     | Found a broken altar of Ashenzari.
 10775 | D:10     | Noticed Harold
 11120 | D:11     | Reached *** piety under Makhleb
 11217 | D:11     | Noticed Amaemon
 11325 | D:10     | Noticed a two-headed ogre
 11340 | D:10     | Killed a two-headed ogre
 11609 | D:10     | Found a white marble altar of Elyvilon.
 11633 | D:10     | Reached XP level 12. HP: 110/110 MP: 17/17
 11794 | D:10     | Noticed a centaur warrior
 11809 | D:10     | Killed a centaur warrior
 11881 | D:10     | Killed Harold
 11896 | D:10     | Noticed a centaur warrior
 11901 | D:10     | Killed a centaur warrior
 11904 | D:10     | Reached skill level 10 in Armour
 12168 | Orc:1    | Entered Level 1 of the Orcish Mines
 12645 | Orc:1    | Found Yzoesuechy's General Store.
 12650 | Orc:1    | Bought a scroll of blinking for 120 gold pieces
 12650 | Orc:1    | Bought a potion of curing for 48 gold pieces
 12650 | Orc:1    | Bought a scroll of teleportation for 48 gold pieces
 12650 | Orc:1    | Bought a scroll of teleportation for 48 gold pieces
 12937 | Orc:1    | Reached **** piety under Makhleb
 12952 | Orc:1    | Reached skill level 10 in Invocations
 13000 | Orc:1    | You fall into a shaft and drop 1 floor!
 13000 | Orc:2    | Entered Level 2 of the Orcish Mines
 13032 | Orc:2    | Paralysed by an orc sorcerer for 5 turns
 13061 | Orc:2    | Noticed an orc high priest
 13063 | Orc:2    | Noticed an orc high priest
 13076 | Orc:2    | Found Pehuzoim's Book Shop.
 13077 | Orc:2    | Killed from afar by an orc sorcerer

Illustrated notes

Levels and vault maps discovered:
D:1:      wander_arrival_fairy_ring, layout_basic
D:2:      layout_loops_corners, grunt_ministairs_13, kennysheep_generic_room_9,
          uniq_sigmund, uniq_jessica
D:3:      layout_basic, mainiacjoe_overflow_cross_hatched, serial_shops,
          nicolae_shop_crystal, nicolae_diamond_shop, nicolae_diamond_shop,
          ebering_ecumenical_altar_ruins, serial_co_window_serial,
          co_window_corner_a, co_window_corner_a, co_window_paths_b,
          co_window_paths_b, co_window_paths_b, co_window_broadway_a,
          co_window_paths_c, co_window_corner_ca, co_window_corner_b,
          co_window_4corner_a, co_window_paths_e, glass_columns_a,
          glass_columns_a, glass_columns_b, glass_columns_c,
          minmay_gold_behind_fungi
D:4:      layout_loops_cross, mainiacjoe_overflow_paths, zin_scriptorium
D:5:      minmay_bubble_buster, layout_loops_ring,
          grunt_temple_overflow_bloody_war, nicolae_gozag_zags_fifth_avenue,
          uniq_blork_the_orc, uniq_eustachio, uniq_prince_ribbit1
D:6:      layout_rooms
D:7:      layout_gridville, minmay_temple_entry_fiery
D:8:      layout_cave_pools, lemuel_crystal_altar, uniq_psyche
D:9:      layout_basic, minmay_circle_x
D:10:     minmay_the_grid_plus [minmay_the_grid_expand,
          minmay_the_grid_broken_lines, minmay_the_grid_paths,
          minmay_the_grid_x, minmay_the_grid_prize_four_corners],
          layout_irregular_city, nicolae_ashenzari_skybound,
          general_overflow_altar, lair_entry_dummy, uniq_harold
D:11:     layout_cave_pools, uniq_amaemon
Temple:   oiseaux_autumnal_temple
Orc:1:    layout_diamond_mine, serial_shops, shop, hangedman_minor_magic
Orc:2:    grunt_orc_gardens, layout_caves, grunt_orc_garden, grunt_orc_garden,
          grunt_orc_garden, grunt_orc_garden

Skill      XL: |  1  2  3  4  5  6  7  8  9 10 11 12 |
---------------+-------------------------------------+-----
Maces & Flails | 3 4 5 6 7 9 11 12 15 16 | 16.0
Fighting       | 5 8 11 13 | 13.0
Armour         | 6 7 9 10 | 10.5
Invocations    | 5 8 10 | 10.2
Shields        | |  3.6

Action                     |  1- 3 |  4- 6 |  7- 9 | 10-12 || total
---------------------------+-------+-------+-------+-------++-------
  Melee: Flail             |    74 |   115 |    94 |       ||   283
         Headbutt          |    11 |    13 |    50 |   124 ||   198
         Morningstar       |       |       |   221 |   520 ||   741
  Throw: Dart              |       |     7 |       |    14 ||    21
 Invoke: Minor Destruction |       |       |       |    23 ||    23
         Lesser Servant of |       |       |       |     5 ||     5
         Major Destruction |       |       |       |     1 ||     1
    Use: Potion            |       |     3 |     3 |     7 ||    13
         Scroll            |       |       |     9 |     9 ||    18
   Stab: Invisible         |       |       |     4 |     2 ||     6
 Armour: Scale mail        |    28 |    17 |       |       ||    45
         Plate armour      |       |    50 |   186 |   222 ||   458
         Skin              |       |       |       |    45 ||    45
  Dodge: Dodged            |    37 |    50 |    96 |   120 ||   303
  Block: Buckler           |    17 |    21 |   113 |   239 ||   390
         Reflection        |       |       |       |     8 ||     8

Table legend: (Time is in decaauts)
 A = Elapsed time spent in this place.
 B = Non-inter-level travel time spent in this place.
 C = Inter-level travel time spent in this place.
 D = Time resting spent in this place.
 E = Time spent auto-exploring this place.
 F = Levels seen in this place.
 G = Mean time per level.
                   A        B        C        D        E       F      G
               +--------+--------+--------+--------+--------+-----+--------+
         Total |  12954 |  12137 |    817 |      0 |   9635 |  14 |  925.3 |
       Dungeon |  11834 |  11050 |    784 |      0 |   8845 |  11 | 1075.8 |
        Temple |    406 |    373 |     33 |      0 |    351 |   1 |  406.0 |
  Orcish Mines |    713 |    713 |      0 |      0 |    439 |   2 |  356.5 |
               +--------+--------+--------+--------+--------+-----+--------+

Top non-repeatable levels by time:
    D:10: 1938 daAuts
     D:9: 1587 daAuts
     D:5: 1367 daAuts
     D:6: 1201 daAuts
     D:3: 1159 daAuts
     D:4: 1069 daAuts
     D:7: 908 daAuts
     D:2: 893 daAuts
     D:8: 757 daAuts
     D:1: 700 daAuts
   Orc:1: 637 daAuts
  Temple: 406 daAuts
    D:11: 252 daAuts
   Orc:2: 76 daAuts
